 Dungeon Crawl Stone Soup version 0.19-a0-1254-gb9c29c0 (webtiles) character file.

9526 Ijustatesigmund the Covert (level 11, -7/75 HPs)
             Began as an Octopode Wizard on Aug 26, 2016.
             Was the Champion of Cheibriados.
             Mangled by a cyclops (28 damage)
             ... on level 11 of the Dungeon on Aug 27, 2016.
             The game lasted 00:59:53 (14790 turns).

Ijustatesigmund the Covert (Octopode Wizard)       Turns: 14790, Time: 00:59:54

Health: -7/75      AC:  9    Str: 24    XL:     11   Next: 47%
Magic:  20/20      EV: 18    Int: 40    God:    Cheibriados [******]
Gold:   494        SH:  7    Dex: 28    Spells: 7 memorised, 6 levels left

rFire  + . .     SeeInvis .     L - +2 dagger (protect)
rCold  . . .     Gourm    .     u - +0 buckler {AC+3}
rNeg   . . .     Faith    .     a - +0 hat
rPois  .         Spirit   .     (no amulet)
rElec  .         Dismiss  .     r - ring of protection from fire
rCorr  .         Reflect  .     O - +3 ring of intelligence
MR     .....     Harm     .     I - ring "Ekhyet" {Dex+3 Stlth+}
Stlth  +++++++... Rnd*Rage +    (no ring)
                                (no ring)
                                (no ring)
                                (no ring)
                                (no ring)

@: exhausted, slowed, repel missiles, very slow
A: almost no armour, stealthy swim, amphibious, 8 rings, constrict 8, camouflage
1, berserk 1, dopey 1, robust 1, strong 1, gelatinous body 1
a: Bend Time, Temporal Distortion, Slouch, Step From Time, Renounce Religion


You were on level 11 of the Dungeon.
You worshipped Cheibriados.
Cheibriados was exalted by your worship.
You were very hungry.

You visited 2 branches of the dungeon, and saw 12 of its levels.
You also visited: Sewer and Bailey.

You collected 526 gold pieces.
You spent 32 gold pieces at shops.

Inventory:

Hand Weapons
 d - a +3 dagger of venom
 l - a +0 blowgun
 x - a +4 dagger
 L - a +2 dagger of protection (weapon)
Missiles
 m - 65 poisoned needles
 o - 4 javelins
 A - a throwing net (quivered)
Armour
 a - a +0 hat (worn)
 u - a +0 buckler of protection (worn)
Jewellery
 r - a ring of protection from fire (left tentacle)
 I - the ring "Ekhyet" (on tentacle) {Dex+3 Stlth+}
   (You acquired it in a bailey)

   [ring of stealth]

   It affects your dexterity (+3).
   It makes you more stealthy.
 O - a +3 ring of intelligence (right tentacle)
Wands
 j - a wand of slowing (3/48)
 s - a wand of disintegration (1/24)
 w - a wand of digging (18/24)
 D - a wand of flame (20/48)
 K - a wand of slowing (30/48)
 N - a wand of lightning (7/15)
 P - a wand of confusion (12/48)
Scrolls
 e - 3 scrolls of recharging
 q - 3 scrolls of blinking
 v - 2 scrolls of amnesia
 y - 2 scrolls of remove curse
 z - 2 scrolls of immolation
 G - a scroll of teleportation
 M - a scroll of fear
Potions
 f - a potion of might
 i - a potion of cure mutation
 k - 2 potions of ambrosia {unknown}
 n - 3 potions of brilliance
 p - 4 potions of curing
 t - 2 potions of resistance
 B - 2 potions of lignification
 C - a potion of heal wounds
 F - a potion of mutation
 H - a potion of cancellation
 R - a potion of degeneration {unknown}
Books
 b - a book of Minor Magic

   Spells                             Type                      Level
   a - Magic Dart                     Conjuration                  1
   b - Blink                          Translocation                2
   c - Call Imp                       Summoning                    2
   d - Repel Missiles                 Charms/Air                   2
   e - Slow                           Hexes                        2
   f - Conjure Flame                  Conjuration/Fire             3
   g - Mephitic Cloud                 Conjuration/Poison/Air       3
 E - a Fen Folio

   Spells                             Type                      Level
   a - Corpse Rot                     Necromancy                   2
   b - Stone Arrow                    Conjuration/Earth            3
   c - Leda's Liquefaction            Hexes/Earth                  4
   d - Summon Forest                  Summoning/Translocation      5
   e - Hydra Form                     Transmutation                6
   f - Summon Hydra                   Summoning                    7
Comestibles
 c - 8 bread rations
 g - 3 beef jerkies
 h - 9 meat rations
 J - 7 slices of pizza
 Q - a royal jelly


   Skills:
 - Level 4.3 Fighting
 - Level 4.3 Short Blades
 - Level 5.4 Dodging
 - Level 8.2 Stealth
 - Level 5.6 Shields
 - Level 6.3 Spellcasting
 + Level 7.6 Conjurations
 - Level 1.0 Summonings
 - Level 2.0 Translocations
 - Level 3.0 Air Magic
 + Level 1.7 Earth Magic
 - Level 3.1 Poison Magic
 - Level 7.6 Invocations
 - Level 3.4 Evocations


You had 6 spell levels left.
You knew the following spells:

 Your Spells              Type           Power        Failure   Level  Hunger
a - Magic Dart            Conj           ####         1%          1    None
b - Blink                 Tloc           N/A          1%          2    None
c - Repel Missiles        Chrm/Air       ###...       1%          2    None
d - Mephitic Cloud        Conj/Pois/Air  #####...     1%          3    None
e - Conjure Flame         Conj/Fire      #####...     1%          3    None
f - Call Imp              Summ           ###.....     2%          2    None
g - Stone Arrow           Conj/Erth      ######       1%          3    None


Dungeon Overview and Level Annotations

Branches:
Dungeon (11/15)            Temple (1/1) D:4            Lair (0/6) D:10
    Orc (0/2) D:11

Altars:
Ashenzari
Cheibriados
Dithmenos
Elyvilon
Fedhas
Gozag
Hepliaklqana
Kikubaaqudgha
Makhleb
Nemelex Xobeh
Okawaru
Qazlal
Ru
Sif Muna
Trog
Uskayaw
Vehumet
Xom
Yredelemnul
Zin
The Shining One
Beogh

Shops:
D:10 *   D:11 (


Innate Abilities, Weirdness & Mutations

You cannot wear most types of armour.
You are very stealthy in the water.
You are amphibious.
You can wear up to eight rings at the same time.
You can use your tentacles to constrict eight enemies at once.
Your skin changes colour to match your surroundings (Stealth+).
Your rubbery body absorbs attacks. (AC +1, EV +1)
You tend to lose your temper in combat.
You are dopey. (Int -2)
You are robust. (+10% HP)
Your muscles are strong. (Str +2)


Message History

The cyclops throws a large rock.
The large rock completely misses you. The troll closely misses you.
The troll claws you but does no damage. The troll closely misses you.
The cyclops throws a large rock.
The large rock is repelled.
You see here 2 large rocks.
The cyclops throws a large rock.
You block the large rock.
You see here a large rock.
The troll seems less confused.
The troll closely misses you. The troll completely misses you.
The troll claws you but does no damage. The troll bites you.
The troll misses you. You block the troll's attack. The troll bites you.
The troll closely misses you.
You block the troll's attack. x2; The troll claws you.
The troll claws you! The troll bites you!! The troll barely misses you.
The troll misses you. You block the troll's attack.
The troll claws you but does no damage. x2
The troll bites you!
* * * LOW HITPOINT WARNING * * *
The troll barely misses you. You block the troll's attack.
The cyclops hits you!!
You die...

.............##.)......# ##..#**,
.......##....###)...##.# #...##**
............###.##.###.###....##*
...#.........#.##..# #.........##
.....###......#.#..######.####...
..........................## ##..
.......##..................# ##.
.......##..................####..
,,............#.@T..........##...
,.###............C...........#...
,.....##....#..........(.........
*......#....##..........(........
##..........#...........(........
#.##.##...##.#............)...###
..##.##.....#.................# *
.....#....###.................#
..##....>##*,,.##.............#


You could see a cyclops and a troll.

Vanquished Creatures
  3 hill giants
  Pikel (D:7)
  2 orc sorcerers (Bailey)
  The ghost of epen the Scratcher, a novice FeMo of Ru (D:7)
  A troll (D:10)
  2 hippogriffs
  Grum (D:9)
  Edmund (D:6)
  A soldier ant (D:10)
  A water moccasin (D:6)
  2 sky beasts
  A slave (D:7)
  2 black bears
  A necrophage (D:10)
  5 ogres
  16 orc warriors
  A phantom (D:8)
  A wasp (D:8)
  2 wolves (D:9)
  2 centaurs
  6 giant frogs
  A wyvern zombie (D:10)
  2 wyvern skeletons
  A scorpion (D:10)
  4 wights (D:10)
  7 howler monkeys
  5 electric eels (Bailey)
  A giant frog zombie (D:6)
  6 crimson imps
  A quasit (D:9)
  4 jellies
  5 orc priests
  Crazy Yiuf (D:2)
  6 hounds
  11 orc wizards
  2 centaur skeletons
  3 giant frog skeletons
  3 iguanas
  5 worker ants
  A killer bee zombie (D:9)
  2 hound skeletons (D:9)
  4 worker ant zombies
  3 gnolls (Bailey)
  14 adders
  A river rat (D:4)
  A shadow imp (D:8)
  An ooze (D:1)
  An adder zombie (D:9)
  An adder skeleton (D:4)
  3 worms
  A dart slug (D:2)
  6 giant geckos
  72 orcs
  A ball python (Sewer)
  2 bats
  3 giant cockroaches
  10 goblins
  14 hobgoblins
  29 jackals
  8 quokkas
  10 giant newts
  9 kobolds
  2 quokka skeletons
  6 rats
  A plant (Sewer)
327 creatures vanquished.

Vanquished Creatures (others)
  A worker ant (D:7)
  2 orcs (D:7)
3 creatures vanquished.

Grand Total: 330 creatures vanquished

Notes
Turn   | Place    | Note
-------+----------+-------------------------------------------
     0 | D:1      | Ijustatesigmund the Octopode Wizard began the quest for the Orb.
     0 | D:1      | Reached XP level 1. HP: 11/11 MP: 4/4
   167 | D:1      | Reached skill level 3 in Stealth
   167 | D:1      | Reached XP level 2. HP: 17/17 MP: 0/6
   224 | D:1      | Learned a level 2 spell: Blink
   227 | D:1      | Learned a level 2 spell: Repel Missiles
  1319 | D:2      | Reached XP level 3. HP: 21/21 MP: 2/7
  1742 | D:2      | Learned a level 3 spell: Mephitic Cloud
  1803 | D:2      | Reached XP level 4. HP: 22/27 MP: 5/8
  2103 | D:2      | Found a runed door.
  2124 | D:3      | You fall through a shaft for 3 floors!
  2148 | D:6      | Noticed an eye of draining
  2153 | D:5      | Entered Level 5 of the Dungeon
  2161 | D:5      | Reached skill level 1 in Poison Magic
  2263 | D:5      | Reached skill level 1 in Air Magic
  2444 | D:4      | Found a sacrificial altar of Ru.
  2471 | D:4      | Found a staircase to the Ecumenical Temple.
  2506 | D:4      | Noticed an ogre
  2516 | D:4      | Killed an ogre
  2516 | D:4      | Reached XP level 5. HP: 31/31 MP: 3/9
  2781 | D:4      | Found a glowing drain.
  2787 | Sewer    | Entered a sewer
  2803 | Sewer    | Reached XP level 6. HP: 34/36 MP: 7/10
  3632 | D:4      | Found a sparkling altar of Nemelex Xobeh.
  3882 | D:3      | Found an iron altar of Okawaru.
  4274 | D:2      | Found a hide-covered altar of Uskayaw.
  4555 | D:2      | Noticed Crazy Yiuf
  4567 | D:2      | Killed Crazy Yiuf
  4640 | D:3      | Found a shattered altar of Ashenzari.
  5031 | D:5      | Reached skill level 1 in Fighting
  5031 | D:5      | Reached skill level 1 in Short Blades
  5031 | D:5      | Reached XP level 7. HP: 43/43 MP: 5/11
  5809 | D:5      | Learned a level 3 spell: Conjure Flame
  6081 | D:5      | Identified a scroll of acquirement
  6200 | D:5      | Reached skill level 1 in Shields
  6381 | Temple   | Entered the Ecumenical Temple
  6608 | Temple   | Became a worshipper of Cheibriados the Contemplative
  6856 | D:6      | Noticed Edmund
  6873 | D:6      | Killed Edmund
  6873 | D:6      | Reached XP level 8. HP: 49/50 MP: 4/12
  7417 | D:6      | Reached skill level 5 in Shields
  7666 | D:6      | Reached * piety under Cheibriados
  7953 | D:7      | Noticed Pikel
  7985 | D:7      | Killed Pikel
  7985 | D:7      | Reached XP level 9. HP: 24/58 MP: 10/13
  7995 | D:7      | Noticed epen's ghost (novice FeMo)
  8215 | D:7      | Found a stormy altar of Qazlal.
  8281 | D:7      | Killed epen's ghost
  8353 | D:7      | Reached skill level 5 in Spellcasting
  8460 | D:7      | Reached ** piety under Cheibriados
  8552 | D:7      | Reached skill level 1 in Invocations
  8916 | D:8      | Reached skill level 4 in Stealth
  9038 | D:8      | Reached *** piety under Cheibriados
  9070 | D:8      | Reached skill level 5 in Stealth
  9519 | D:8      | Reached XP level 10. HP: 39/64 MP: 12/19
  9710 | D:8      | Reached skill level 6 in Stealth
 10268 | D:9      | Learned a level 2 spell: Call Imp
 10362 | D:9      | Reached skill level 7 in Stealth
 10554 | D:9      | Reached **** piety under Cheibriados
 10645 | D:9      | Noticed Grum
 10774 | D:9      | Reached skill level 5 in Invocations
 10789 | D:9      | Killed Grum
 10789 | D:9      | Reached skill level 8 in Stealth
 11038 | D:9      | Reached ***** piety under Cheibriados
 11130 | D:9      | Found a roughly hewn altar of Beogh.
 11199 | D:10     | Entered Level 10 of the Dungeon
 11800 | D:10     | Found Miaff's General Store.
 11808 | D:10     | Bought a scroll of identify for 32 gold pieces
 11810 | D:10     | Gained mutation: Your muscles are strong. (Str +2) [potion of mutation]
 11810 | D:10     | Gained mutation: You are dopey. (Int -2) [potion of mutation]
 11810 | D:10     | Gained mutation: You are robust. (+10% HP) [potion of mutation]
 11918 | D:10     | Found a staircase to the Lair.
 12026 | D:10     | Noticed a hill giant
 12037 | D:10     | Killed a hill giant
 12365 | D:10     | Noticed a hill giant
 12609 | D:10     | Reached skill level 5 in Dodging
 13010 | D:10     | Killed a hill giant
 13010 | D:10     | Reached skill level 5 in Conjurations
 13010 | D:10     | Reached XP level 11. HP: 42/75 MP: 7/20
 13249 | D:11     | Found a staircase to the Orcish Mines.
 13249 | D:11     | Found Iciome's Weapon Shop.
 13254 | D:11     | Noticed an orc knight
 13261 | D:11     | Found a flagged portal.
 13268 | Bailey   | Entered a bailey
 13587 | Bailey   | Got a twitching steel ring
 13588 | Bailey   | Identified the ring "Ekhyet" {Dex+3 Stlth+} (You acquired it in a bailey)
 13638 | Bailey   | Noticed an orc sorcerer
 13638 | Bailey   | Noticed an orc sorcerer
 13655 | Bailey   | Reached skill level 1 in Evocations
 13739 | Bailey   | Gained mutation: You tend to lose your temper in combat. [a neqoxec]
 13841 | Bailey   | Reached ****** piety under Cheibriados
 13934 | Bailey   | Paralysed by an orc sorcerer for 6 turns
 13943 | Bailey   | Killed an orc sorcerer
 14043 | Bailey   | Paralysed by an orc sorcerer for 6 turns
 14049 | Bailey   | Killed an orc sorcerer
 14075 | Bailey   | Found an iron altar of Okawaru.
 14438 | D:11     | Upgraded the game from 0.19-a0-1238-gee6bd96 to 0.19-a0-1254-gb9c29c0
 14461 | D:11     | Learned a level 3 spell: Stone Arrow
 14522 | D:11     | Noticed a hill giant
 14533 | D:11     | Killed a hill giant
 14533 | D:11     | Reached skill level 1 in Earth Magic
 14780 | D:11     | Noticed a cyclops
 14790 | D:11     | Mangled by a cyclops

Vault maps used:
D:1:      lightli_arrival_windingriver, fountainhead, minmay_distorted
D:2:      marbit_many_paths, uniq_crazy_yiuf_cottage
D:3:      okawaru_metal_pillars_1_2, lemuel_crystal_altar, first_bread
D:4:      nicolae_ru_path_of_blood, nemelex_xobeh_ov_fountains_minmay,
          gup_sewer_entry_bubbles
D:6:      uniq_edmund
D:7:      nicolae_qazlal_style_of_elements, uniq_pikel
D:8:      grunt_pizzeria, grunt_decor_cap
D:9:      special_room, uniq_grum
D:10:     lair_0_dummy, serial_shops, shop
D:11:     orc_david_3, enter_bailey_2, hex_large, uniq_harold
Temple:   regret_index_temple_generic_petals
Sewer:    sewer_co_scattered_pipes
Bailey:   bailey_axe_of_yendor_kennysheep, bailey

Skill      XL: |  1  2  3  4  5  6  7  8  9 10 11 |
---------------+----------------------------------+-----
Stealth        | 3 5 8 |  8.2
Conjurations   | 2 3 4 5 7 |  7.6
Translocations | 2 |  2.0
Poison Magic   | 2 3 |  3.1
Air Magic      | 1 2 3 |  3.0
Fighting       | 1 2 4 |  4.3
Short Blades   | 1 2 4 |  4.3
Shields        | 3 5 |  5.6
Spellcasting   | 6 |  6.3
Invocations    | 3 7 |  7.6
Dodging        | 5 |  5.4
Evocations     | 3 |  3.4
Earth Magic    | 1 |  1.7
Summonings     | |  1.0

Action                   |  1- 3 |  4- 6 |  7- 9 | 10-12 || total
-------------------------+-------+-------+-------+-------++-------
Melee: Unarmed           |     5 |       |       |       ||     5
       Constrict         |     9 |    17 |    50 |    54 ||   130
       Dagger            |    22 |    92 |   233 |   242 ||   589
       Tentacles         |     2 |    12 |    36 |   101 ||   151
 Cast: Magic Dart        |    46 |    83 |   135 |   233 ||   497
       Repel Missiles    |     1 |       |       |     2 ||     3
       Mephitic Cloud    |       |     2 |    10 |    27 ||    39
       Blink             |       |     2 |     5 |     6 ||    13
       Conjure Flame     |       |       |       |     1 ||     1
       Stone Arrow       |       |       |       |     4 ||     4
Evoke: Wand              |       |       |     1 |     9 ||    10
  Use: Scroll            |     5 |    10 |     2 |    12 ||    29
       Potion            |       |     1 |     3 |     4 ||     8
 Stab: Sleeping          |     3 |     7 |     6 |    19 ||    35
       Invisible         |       |     1 |       |       ||     1
       Confused          |       |       |     5 |     3 ||     8
  Eat: Chunk             |     3 |     6 |    11 |     3 ||    23
       Bread ration      |       |     1 |       |       ||     1
       Pizza             |       |       |     1 |     2 ||     3
       Fruit             |       |       |       |     2 ||     2
Armor: Skin              |       |     7 |    29 |    21 ||    57
Dodge: Dodged            |    15 |    60 |   130 |   138 ||   343
       Deflected         |       |     1 |       |     5 ||     6
Block: Buckler           |       |       |    49 |    77 ||   126
